 Dungeon Crawl Stone Soup version 0.17.0-19-gb37c632 (console) character file.

611 antmaster5000 the Conjurer (level 7, -4/45 HPs)
             Began as a High Elf Conjurer on Nov 11, 2015.
             Slain by an orc warrior
             ... wielding a +1 hand axe of venom
              (6 damage)
             ... on level 6 of the Dungeon on Nov 12, 2015.
             The game lasted 00:44:05 (4493 turns).

antmaster5000 the Conjurer (High Elf Conjurer)      Turns: 4493, Time: 00:44:05

Health: -4/45      AC:  8    Str: 13    XL:     7   Next: 20%
Magic:  4/14       EV: 12    Int: 21    God:
Gold:   174        SH:  0    Dex: 15    Spells: 2 memorised, 12 levels left

rFire  . . .     SeeInvis .     u - +2 quarterstaff
rCold  . . .     Clarity  .     A - +0 ring mail
rNeg   . . .     SustAt   .     (shield currently unavailable)
rPois  .         Gourm    .     x - +2 helmet
rElec  .         Spirit   .     (no cloak)
rCorr  .         Warding  .     (no gloves)
rMut   .         Stasis   .     (no boots)
MR     .....                    (no amulet)
Stlth  ++........               (no ring)
                                (no ring)

@: mighty, lethally poisoned (-4 -> -23), not resistant to hostile enchantments,
unstealthy
A: no striking features
a: no special abilities


You were on level 6 of the Dungeon.
You were not hungry.

You visited 1 branch of the dungeon, and saw 6 of its levels.

You collected 174 gold pieces.

Inventory:

Hand Weapons
 f - a +0 dagger (quivered)
 j - a +0 dagger
 m - a +0 dagger
 r - a +0 dagger
 u - a +2 quarterstaff (weapon)
Armour
 a - a +0 robe
 x - a +2 helmet (worn)
 A - a +0 ring mail (worn)
Rods
 E - a +0 rod of inaccuracy (10/10)
   (You found it on level 6 of the Dungeon)
Jewellery
 d - an uncursed ring of protection from fire
 n - an uncursed amulet of warding
 s - an uncursed amulet of guardian spirit
 B - an uncursed amulet of resist corrosion {unknown}
 C - an uncursed ring of see invisible
Wands
 t - a wand of slowing (10)
 v - a wand of flame (36)
 w - a wand of disintegration (5)
 y - a wand of slowing (26)
Scrolls
 g - a scroll of enchant armour
 p - 3 scrolls of remove curse
 q - a scroll of fog {unknown}
 D - a scroll of recharging {unknown}
Potions
 e - a potion of haste {unknown}
 i - a potion of might
 k - 2 potions of curing {unknown}
 l - a potion of poison {unknown}
Books
 b - a book of Conjurations

   Spells                             Type                      Level
   a - Magic Dart                     Conjuration                  1
   b - Searing Ray                    Conjuration                  2
   c - Dazzling Spray                 Conjuration/Hexes            3
   d - Fulminant Prism                Conjuration/Hexes            4
   e - Iskenderun's Mystic Blast      Conjuration                  4
   f - Iskenderun's Battlesphere      Conjuration/Charms           5
Comestibles
 c - a bread ration
 h - 2 slices of pizza
 o - 2 fruits
 z - a meat ration


   Skills:
 * Level 2.5 Fighting
 - Level 0.5 Short Blades
 + Level 1.8 Staves
 + Level 1.4 Armour
 + Level 3.3 Dodging
 + Level 2.5 Stealth
 + Level 4.5 Spellcasting
 * Level 6.9 Conjurations


You had 12 spell levels left.
You knew the following spells:

 Your Spells              Type           Power        Failure   Level  Hunger
a - Magic Dart            Conj           ####         1%          1    None
b - Searing Ray           Conj           ####..       1%          2    #......


Dungeon Overview and Level Annotations

Branches:
Dungeon (6/15)
 Temple: D:4-7

Altars:
Ashenzari
Cheibriados
Elyvilon
Fedhas
Nemelex Xobeh
Qazlal
The Shining One


Message History

The orc warrior is heavily wounded.
You feel sick. The orc warrior barely misses you.
Casting: Searing Ray
Confirm with . or Enter, or press ? or * to list all spells.
Aiming: Searing Ray
Press: ? - help, Shift-Dir - straight line, f/p - orc warrior
Aim: an orc warrior, wielding a hand axe of venom and wearing a chain mail (heavily wounded)
The searing ray hits the orc warrior.
The orc warrior is severely wounded.
You feel sick.
The orc warrior hits you with a hand axe of venom!
* * * LOW HITPOINT WARNING * * *
You are more poisoned.
Drink which item? (? for menu, Esc to quit)
It was a potion of might.
You feel very mighty all of a sudden.
* * * LOW HITPOINT WARNING * * *
You feel sick.
The orc warrior hits you with a hand axe of venom.
You die...

#.##########.##..#.##.# #.# #.##..#.##.# #.#
#.......##.# #.# ####.....#.# #.#############.#....###
#...................##_## #.#############....##...##
#.# #.####⌠...⌠# #.# #.# ##...## #.# ######.# ###.##
### #.# ###.>....####≈#.## ##_# #.###
#...............≈# ##..### #...# #.#.#########≈#.##
#.#...# #...# #.#.# ###.## #..#..# #...# #.#.# ##...##
##..#.# #(.#####.#.# #⌠...⌠# ##..## #........#o#####
##...## ##.#..# ##.#####.#...o.# ###_## .# #...#.# #.##
#.#####@# #.### .# #.#...# #..# #.#####.#####.# .#
##.#.### ###.####.............# .# ##.##..
#..(..<..#####.####### .# #..#### #.#.###### #.# .#
##.####. #.#.# #.# #####.# #....... #.#.# #######.#
#.....# #.#####. #.#.# #.......# #.#########.## ##
#.#.# #.####### #)####.(.#...##### #.#.# #.#
#................. #†#.# #.# #############
#..#.........##### #.#.# #.# #.......(...#
.#.....%........... #<#.#
#.#############.#########.###.#.##.....(....###. #.#.#
#......................##.#............##.#.# #. #.#.#
#..............(#.####........#...........#.# #.
#.#.####..##########.#..........).......########.#.###.
#.........# #....#########........ #....... ###########
###....## #....##### #.#.###. ###.......# #...## ##.#.#
#.


You could see an orc warrior and an orc wizard (wandering).

Vanquished Creatures
  A centaur (D:6)
  A phantom (D:5)
  A water moccasin zombie (D:6)
  A scorpion (D:4)
  A crimson imp (D:6)
  An iguana (D:4)
  A worker ant (D:4)
  A hound skeleton (D:4)
  5 gnolls
  11 adders
  A shadow imp (D:5)
  An ooze (D:3)
  4 worms
  A giant gecko (D:4)
  4 orcs
  8 bats
  3 giant cockroaches
  6 goblins
  7 hobgoblins
  5 quokkas
  3 giant newts
  2 kobolds
  8 rats
77 creatures vanquished.

Vanquished Creatures (others)
  A centaur (D:6)
  A scorpion (D:6)
  A worker ant (D:6)
  An iguana (D:6)
  A giant cockroach (D:6)
  A jackal (D:6)
6 creatures vanquished.

Grand Total: 83 creatures vanquished

Notes
Turn   | Place    | Note
--------------------------------------------------------------
     0 | D:1      | antmaster5000 the High Elf Conjurer began the quest for the Orb.
     0 | D:1      | Reached XP level 1. HP: 11/11 MP: 4/4
   162 | D:1      | Reached XP level 2. HP: 15/18 MP: 0/6
   204 | D:1      | Reached skill level 1 in Fighting
   516 | D:2      | Reached skill level 5 in Conjurations
   660 | D:2      | Reached XP level 3. HP: 23/23 MP: 0/7
   738 | D:2      | Learned a level 2 spell: Searing Ray
  1480 | D:3      | Reached XP level 4. HP: 28/28 MP: 7/9
  1646 | D:3      | Found a stormy altar of Qazlal.
  1657 | D:3      | Found a blossoming altar of Fedhas.
  1738 | D:3      | Upgraded the game from 0.17.0-17-ge4ba49f to 0.17.0-19-gb37c632
  2113 | D:4      | Reached XP level 5. HP: 8/33 MP: 6/11
  2384 | D:4      | Found a snail-covered altar of Cheibriados.
  2586 | D:4      | Reached skill level 6 in Conjurations
  3014 | D:4      | Reached XP level 6. HP: 39/39 MP: 9/12
  3148 | D:5      | Entered Level 5 of the Dungeon
  3211 | D:5      | Found a shattered altar of Ashenzari.
  3270 | D:5      | Reached skill level 1 in Staves
  3865 | D:6      | Found a sparkling altar of Nemelex Xobeh.
  3865 | D:6      | Found a white marble altar of Elyvilon.
  4112 | D:6      | Reached skill level 1 in Armour
  4112 | D:6      | Reached XP level 7. HP: 25/45 MP: 12/14
  4151 | D:6      | Found a glowing golden altar of the Shining One.
  4493 | D:6      | HP: 2/45 [poisoned by an orc warrior]
  4493 | D:6      | Slain by an orc warrior

Action                   |  1- 3 |  4- 6 |  7- 9 || total
-------------------------+-------+-------+-------++-------
Melee: Dagger            |    37 |    20 |       ||    57
       Quarterstaff      |       |    74 |     6 ||    80
 Cast: Magic Dart        |    58 |    72 |     5 ||   135
       Searing Ray       |     4 |    21 |    10 ||    35
  Use: Scroll            |     3 |     8 |       ||    11
       Potion            |       |       |     1 ||     1
  Eat: Meat ration       |     1 |       |       ||     1
       Bread ration      |       |     2 |       ||     2
